 Dungeon Crawl Stone Soup version 0.30-a0-475-g03497ec522 (webtiles) character file.

Game seed: 1145545220452123773

508 PyroL the Changer (level 7, -8/43 HPs)
             Began as an Octopode Transmuter on Dec 21, 2022.
             Was an Initiate of the Shining One.
             Mangled by Duvessa
             ... wielding a +2 short sword of holy wrath
              (15 damage)
             ... on level 5 of the Dungeon.
             The game lasted 00:21:00 (5969 turns).

PyroL the Changer (Octopode Transmuter)             Turns: 5969, Time: 00:21:00

Health: -8/43      AC:  2    Str:  9    XL:     7   Next: 18%
Magic:  6/10       EV: 19    Int: 17    God:    the Shining One [......]
Gold:   283        SH:  0    Dex: 18    Spells: 4/10 levels left

rFire   . . .      SeeInvis .      - Unarmed
rCold   . . .      Faith    .    (shield currently unavailable)
rNeg    . . .      Spirit   .    (helmet currently unavailable)
rPois   x          Reflect  .    (no amulet)
rElec   .          Harm     .    (no ring)
rCorr   .          Rampage  .    (no ring)
Will    .....                    (no ring)
Stlth   +.........               (no ring)
HPRegen 0.27/turn                (no ring)
MPRegen 0.12/turn                (no ring)
                                 (no ring)
                                 (no ring)

@: spider-form, wereblooded, glowing
A: venomous fangs, almost no armour, (amphibious), 8 rings, tiny, (camouflage
1), (gelatinous body 1), (nimble swimmer 1), (tentacles)
a: End Transformation, Renounce Religion


You were on level 5 of the Dungeon.
You worshipped the Shining One.
The Shining One was noncommittal.
You were a venomous arachnid creature.
You visited 2 branches of the dungeon, and saw 6 of its levels.
You also visited: Sewer.

You collected 339 gold pieces.
You spent 56 gold pieces at shops.

Inventory:

Jewellery
 n - a ring of flight
Wands
 s - a wand of paralysis (10)
Scrolls
 c - 4 scrolls of vulnerability
 d - a scroll of noise {unknown}
 e - a scroll of fear
 h - 2 scrolls of enchant armour
 l - 3 scrolls of teleportation
 o - 3 scrolls of amnesia
 r - 2 scrolls of enchant weapon {unknown}
Potions
 a - 5 potions of lignification
 b - 2 potions of ambrosia {unknown}
 f - 2 potions of curing {unknown}
 g - 3 potions of heal wounds
 i - a potion of attraction {unknown}
 j - a potion of mutation {unknown}
 k - 3 potions of might {unknown}
 m - a potion of haste {unknown}
 p - 5 potions of flight
 q - a potion of degeneration {unknown}


   Skills:
 - Level 1.4 Fighting
 - Level 2.0 Dodging
 + Level 3.9 Stealth
 + Level 4.5 Unarmed Combat
 - Level 2.4 Spellcasting
 - Level 5.0 Transmutations
 - Level 3.0 Poison Magic


You had 4 spell levels left.
You knew the following spells:

 Your Spells              Type           Power      Damage    Failure   Level
a - Beastly Appendage     Tmut           38%        N/A       9%          1
b - Wereblood             Tmut           19%        N/A       12%         2
c - Spider Form           Tmut/Pois      15%        N/A       26%         3

Your spell library contained the following spells:

 Spells                   Type           Power      Damage    Failure   Level
 Hailstorm                Conj/Ice       2%         3d3       71%         3
 Stone Arrow              Conj/Erth      4%         3d7       71%         3
 Tukima's Dance           Hex            2%         N/A       71%         3
 Ice Form                 Ice/Tmut       10%        N/A       75%         4
 Passage of Golubria      Tloc           2%         N/A       96%         4
 Yara's Violent Unravell  Hex/Tmut       5%         3d4       96%         5
 Simulacrum               Ice/Necr       1%         N/A       100%        6
 Lehudib's Crystal Spear  Conj/Erth      1%         10d2      100%        8
 Animate Armour           Summ/Erth      Unusable   N/A       N/A         4

Dungeon Overview and Level Annotations

Branches:
Dungeon (5/15)             Temple (1/1) D:5           Sewer (visited)

Altars:
Cheibriados
Dithmenos
Elyvilon
Gozag
Hepliaklqana
Kikubaaqudgha
Makhleb
Nemelex Xobeh
Qazlal
Sif Muna
Trog
Xom
Zin
The Shining One

Shops:
D:1 (*

Annotations:
D:3 Grinder
D:5 Duvessa


Innate Abilities, Weirdness & Mutations

You are a venomous arachnid creature.
You have poisonous fangs.
You are tiny and dextrous.
Your spellcasting is less reliable in this form.
Your armour is entirely melded.
You are incapable of wielding weapons or throwing items.
You cannot wear most types of armour.
((You are amphibious.))
You can wear up to eight rings at the same time.
((Your skin changes colour to match your surroundings (Stealth+).))
((Your rubbery body absorbs attacks. (AC +1, EV +1)))
((You are camouflaged when in or above water. (Stealth+)))
((You have tentacles for arms and can constrict up to eight enemies at once.))


Message History

The puff of flame hits you.
You hit Dowan.
Dowan is poisoned.
Dowan is lightly wounded.
Duvessa hits you with a +2 short sword of holy wrath.
Dowan barely misses you.
You bite Dowan!
Dowan looks as sick as possible!
Dowan is moderately wounded.
Duvessa closely misses you.
Dowan points at Duvessa and mumbles some strange words.
Duvessa seems to speed up.
You hit Duvessa but do no damage.
Duvessa is poisoned.
Duvessa completely misses you.
You hit Dowan.
Dowan looks as sick as possible!
Dowan is heavily wounded.
Dowan hits you with a +0 dagger.
Duvessa hits you with a +2 short sword of holy wrath!
Dowan attacks as you move away! Dowan completely misses you.
Duvessa attacks as you move away! Duvessa closely misses you.
Duvessa says, "My weaknesses are his strengths!"
Dowan casts a spell.
Dowan blinks!
Duvessa says, "My weaknesses are his strengths!"
Duvessa hits you with a +2 short sword of holy wrath.
* * * LOW HITPOINT WARNING * * *
You hit Dowan.
Dowan looks as sick as possible!
Dowan is severely wounded.
You feel a bit better.
You kill Dowan!
Duvessa screams, "No!
How DARE you!"
Duvessa goes berserk!
Duvessa hits you with a +2 short sword of holy wrath!
* * * LOW HITPOINT WARNING * * *
You barely miss Duvessa.
Duvessa is lightly wounded.
Duvessa misses you. Duvessa barely misses you.
Unknown command.
You hit Duvessa.
Duvessa looks as sick as possible!
Duvessa is lightly wounded.
Duvessa hits you with a +2 short sword of holy wrath!
You die...

#..........#.......
#...########.......
#...### ########
#.....# ##.....#
#......# #......#
#......# #..s)..#
###.e.## #...#
#..... #...<.#
#.....# #.....#
#.....# #.....#


You could see Duvessa (berserk, fast, extremely poisoned).

Vanquished Creatures
  An ogre (D:5)
  A scorpion (D:4)
  Dowan (D:5)
  3 iguanas
  A merfolk siren (Sewer)
  A merfolk avatar (Sewer)
  3 gnolls (D:5)
  6 adders
  A shadow imp (D:5)
  2 worms
  5 orcs (D:4)
  2 bats
  8 endoplasms
  2 giant cockroaches (D:1)
  4 goblins
  19 hobgoblins
  10 kobolds
  3 quokkas
  10 ball pythons
  9 frilled lizards
  25 rats
117 creatures vanquished.

Vanquished Creatures (others)
  A plant (D:2)
1 creature vanquished.

Grand Total: 118 creatures vanquished

Notes
Turn   | Place    | Note
-------+----------+-------------------------------------------
     0 | D:1      | PyroL the Octopode Transmuter began the quest for the Orb.
     0 | D:1      | Reached XP level 1. HP: 13/13 MP: 3/3
   263 | D:1      | Reached XP level 2. HP: 18/18 MP: 3/5
   366 | D:1      | Learned a level 2 spell: Wereblood
   468 | D:1      | Found Niny's Weapon Emporium.
   690 | D:1      | Reached XP level 3. HP: 20/23 MP: 2/6
   694 | D:1      | Learned a level 3 spell: Spider Form
   709 | D:1      | Found Gatoxo's General Store.
   752 | D:1      | Bought a scroll of fear for 56 gold pieces
  1677 | D:1      | Reached skill level 1 in Poison Magic
  1698 | D:2      | Reached skill level 3 in Transmutations
  2301 | D:2      | Reached XP level 4. HP: 28/28 MP: 2/7
  2739 | D:3      | Noticed Grinder
  3156 | D:3      | Found a bloodstained altar of Trog.
  3556 | D:4      | Found a glowing drain.
  3580 | Sewer    | Entered a sewer
  3713 | Sewer    | Reached XP level 5. HP: 33/33 MP: 1/8
  3897 | Sewer    | Noticed a malarious merfolk avatar
  3930 | Sewer    | Killed a malarious merfolk avatar
  3931 | Sewer    | Reached skill level 4 in Transmutations
  4210 | D:4      | Reached XP level 6. HP: 27/38 MP: 2/9
  4308 | D:4      | Reached skill level 5 in Transmutations
  4478 | D:4      | Found a burning altar of Makhleb.
  4632 | D:4      | Reached skill level 1 in Stealth
  4655 | D:4      | Found an ancient bone altar of Kikubaaqudgha.
  4657 | D:4      | Found a shimmering blue altar of Sif Muna.
  4658 | D:4      | Found a glowing silver altar of Zin.
  5127 | D:5      | Entered Level 5 of the Dungeon
  5261 | D:5      | Noticed a black bear
  5436 | D:5      | Found a staircase to the Ecumenical Temple.
  5448 | Temple   | Entered the Ecumenical Temple
  5604 | Temple   | Became a worshipper of the Shining One
  5788 | D:5      | Reached XP level 7. HP: 43/43 MP: 7/10
  5837 | D:5      | Found an opulent altar of Gozag.
  5955 | D:5      | Noticed Dowan
  5959 | D:5      | Noticed Duvessa
  5967 | D:5      | Killed Dowan
  5969 | D:5      | Mangled by Duvessa

Illustrated notes

Levels and vault maps discovered:
D:1:      heliophobic_arrival_ceremonial_halls, layout_basic, serial_shops,
          nicolae_shop_bloodbath_and_beyond, shop, minmay_pentomino_t4
D:2:      cheibrodos_old_hovel, layout_basic
D:3:      layout_loops_ring, mainiacjoe_overflow_alcove_1, lemuel_flame_loot_1,
          uniq_grinder
D:4:      layout_loops_corners, mainiacjoe_overflow_small_starburst,
          gammafunk_temple_overflow_claw, cheibrodos_sewer_entry_bend
D:5:      layout_gridville, nicolae_gozag_seed_capital,
          minmay_temple_entry_junction_2, uniq_duvessa
Temple:   hellmonk_temple_forest_ring

Skill      XL: |  1  2  3  4  5  6 |
---------------+-------------------+-----
Poison Magic   | 1 2 3 |  3.0
Transmutations | 3 4 5 |  5.0
Stealth        | 3 |  3.9
Unarmed Combat | 4 |  4.5
Fighting       | |  1.4
Dodging        | |  2.0
Spellcasting   | |  2.4

Action                   |  1- 3 |  4- 6 |  7- 9 || total
-------------------------+-------+-------+-------++-------
Melee: Unarmed           |    83 |   182 |    12 ||   277
       Constrict         |    24 |    31 |     1 ||    56
       Kick              |    25 |    40 |       ||    65
       Tentacles         |    12 |    21 |     1 ||    34
       Punch             |     1 |     2 |     1 ||     4
 Cast: Beastly Appendage |    24 |    35 |       ||    59
       Wereblood         |     5 |    12 |     1 ||    18
       Spider Form       |       |     9 |     1 ||    10
 Abil: End Transformatio |       |     1 |       ||     1
  Use: Scroll            |     1 |     3 |       ||     4
 Stab: Sleeping          |     3 |     9 |       ||    12
Armor: Skin              |     9 |    14 |       ||    23
Dodge: Dodged            |    57 |   106 |    11 ||   174

Table legend: (Time is in decaauts)
 A = Elapsed time spent in this place.
 B = Non-inter-level travel time spent in this place.
 C = Inter-level travel time spent in this place.
 D = Time resting spent in this place.
 E = Time spent auto-exploring this place.
 F = Levels seen in this place.
 G = Mean time per level.
                   A        B        C        D        E       F      G
               +--------+--------+--------+--------+--------+-----+--------+
         Total |   5958 |   5688 |    270 |   1049 |   3253 |   7 |  851.1 |
       Dungeon |   5314 |   5047 |    267 |    950 |   2974 |   5 | 1062.8 |
        Temple |    164 |    161 |      3 |      0 |    130 |   1 |  164.0 |
         Sewer |    479 |    479 |      0 |     99 |    149 |   1 |  479.0 |
               +--------+--------+--------+--------+--------+-----+--------+

Top non-repeatable levels by time:
     D:1: 1381 daAuts
     D:2: 1367 daAuts
     D:4: 1182 daAuts
     D:3: 802 daAuts
     D:5: 580 daAuts
   Sewer: 479 daAuts
  Temple: 164 daAuts
